 Dungeon Crawl Stone Soup version 0.31-a0-536-ga3e2962e35 (webtiles) character file.

Game seed: 13227902288283847612

40 Ethylacetat the Ducker (level 3, 0/25 HPs)
             Began as an Octopode Gladiator on Aug 13, 2023.
             Slain by an adder (4 damage)
             ... on level 2 of the Dungeon.
             The game lasted 00:00:58 (1294 turns).

Ethylacetat the Ducker (Octopode Gladiator)         Turns: 1294, Time: 00:00:59

Health: 0/25       AC:  1    Str: 13    XL:     3   Next: 50%
Magic:  3/3        EV: 14    Int: 10    God:
Gold:   49         SH:  0    Dex: 15    Spells: 2/2 levels left

rFire   . . .        i - +0 dagger (venom)
rCold   . . .        (no shield)
rNeg    . . .        b - +0 hat
rPois   .            (no amulet)
rElec   .            (no ring)
rCorr   .            (no ring)
SInv    .            (no ring)
Will    .....        (no ring)
Stlth   +++          (no ring)
HPRegen 0.24/turn    (no ring)
MPRegen 0.08/turn    (no ring)
                     (no ring)

%: no passive effects
@: slowed, very slow
A: almost no armour, amphibious, 8 rings, camouflage 1, gelatinous body 1,
(nimble swimmer 1), tentacles
a: no special abilities


You were on level 2 of the Dungeon.
You visited 1 branch of the dungeon, and saw 2 of its levels.

You collected 49 gold pieces.

Inventory:

Hand Weapons
 a - a +0 rapier
 i - a +0 dagger of venom (weapon)
Missiles
 c - 3 throwing nets (quivered)
 d - a javelin
Armour
 b - a +0 hat (worn)
Scrolls
 f - a scroll of blinking {unknown}
 g - a scroll of noise {unknown}
 h - a scroll of enchant weapon {unknown}
Potions
 e - 3 potions of curing {unknown}
 j - a potion of mutation {unknown}
 k - a potion of lignification {unknown}
 l - a potion of degeneration {unknown}


   Skills:
 + Level 2.7 Fighting
 - Level 3.0 Short Blades
 - Level 2.0 Throwing
 + Level 3.5 Dodging
 + Level 2.3 Stealth


You had 2 spell levels left.
You didn't know any spells.
Your spell library was empty.

Dungeon Overview and Level Annotations

Branches:
Dungeon (2/15)

Altars:
The Shining One

Shops:
D:1 =


Innate Abilities, Weirdness & Mutations

You cannot wear most types of armour.
You are amphibious.
You can wear up to eight rings at the same time.
Your skin changes colour to match your surroundings (Stealth+).
Your rubbery body absorbs attacks. (AC +1, EV +1)
((You are camouflaged when in or above water. (Stealth+)))
You have tentacles for arms and can constrict up to eight enemies at once.


Message History

Found an escape hatch in the floor.
Natasha, Servant of Life and Death comes into view.
Natasha is nearby!
Natasha hisses angrily.
Natasha is nearby!
Natasha stares at you and mumbles some strange words.
You feel yourself slow down.
An adder comes into view.
Found an amethyst potion.
The adder hisses angrily.
A bat comes into view.
A ball python comes into view.
Natasha claws you!
The bat moves out of view.
There are monsters nearby!
The ball python hisses angrily.
You hit Natasha but do no damage.
Natasha is poisoned.
You grab Natasha.
You constrict Natasha, but do no damage.
Natasha misses you.
There are monsters nearby!
You barely miss Natasha. You squeeze Natasha, but do no damage.
Natasha is lightly wounded.
You constrict Natasha. Natasha claws you. The adder completely misses you.
Natasha misses you.
There are monsters nearby!
You are too injured to fight recklessly!
There are monsters nearby!
You are too injured to fight recklessly!
There are monsters nearby!
You are too injured to fight recklessly!
You hit Natasha.
Natasha looks as sick as possible!
You squeeze Natasha, but do no damage.
Natasha is heavily wounded.
You constrict Natasha. The adder bites you. x2
* * * LOW HITPOINT WARNING * * *
Natasha claws you.
* * * LOW HITPOINT WARNING * * *
You hit Natasha.
You kill Natasha!
Natasha screams in fury as she dies!
The adder bites you.
You die...

#........ #.......#
#.......# #.......#
#?>.....# #.......#
!..##.......##########
.....S†@............>#
...##.S.....########.###
#####.### #.......
####.# #.##.### ###..#.#
#.##.# ###.#....#
#.##.### ###.#..#.#.#
#.#..... ###.#..#.#+#.#
#.#..### ###.#..#.###
#.# ####.#.....


You could see an adder and a ball python.

Vanquished Creatures
  Natasha (D:2)
  An adder (D:2)
  3 ball pythons (D:1)
  2 endoplasms (D:1)
  A giant cockroach (D:1)
  5 goblins (D:1)
  2 hobgoblins
  4 kobolds (D:1)
  A quokka (D:1)
  4 bats
  4 frilled lizards
  2 rats (D:1)
30 creatures vanquished.

Notes
Turn   | Place    | Note
-------+----------+-------------------------------------------
     0 | D:1      | Ethylacetat the Octopode Gladiator began the quest for the
                  | Orb.
     0 | D:1      | Reached XP level 1. HP: 14/14 MP: 1/1
   174 | D:1      | Reached skill level 1 in Stealth
   237 | D:1      | Reached XP level 2. HP: 15/19 MP: 2/2
   370 | D:1      | Found Zoesuf Agu's Jewellery Boutique.
   642 | D:1      | Reached XP level 3. HP: 18/25 MP: 3/3
  1096 | D:2      | Found a glowing golden altar of the Shining One.
  1286 | D:2      | Noticed Natasha
  1294 | D:2      | Killed Natasha
  1294 | D:2      | Slain by an adder

Illustrated notes

Levels and vault maps discovered:
D:1:      dpeg_arrival_simpleton_c, layout_basic, serial_shops,
          nicolae_shop_stone, minmay_tromino_i4
D:2:      minmay_razor_zed, layout_basic, basic_altar, uniq_natasha,
          uniq_sigmund

Skill      XL: |  1  2 |
---------------+-------+-----
Stealth        | 1 2 |  2.3
Fighting       | |  2.7
Short Blades   | |  3.0
Throwing       | |  2.0
Dodging        | |  3.5

Action                     || total
---------------------------++-------
  Melee: Rapier            ||    42
         Tentacles         ||    11
         Constrict         ||    10
         Dagger            ||     9
         Punch             ||     1
   Stab: Sleeping          ||    10
 Armour: Skin              ||     5
  Dodge: Dodged            ||    31

Table legend: (Time is in decaauts)
 A = Elapsed time spent in this place.
 B = Non-inter-level travel time spent in this place.
 C = Inter-level travel time spent in this place.
 D = Time resting spent in this place.
 E = Time spent auto-exploring this place.
 F = Levels seen in this place.
 G = Mean time per level.
                   A        B        C        D        E       F      G
               +--------+--------+--------+--------+--------+-----+--------+
         Total |   1295 |   1251 |     44 |      0 |   1078 |   2 |  647.5 |
       Dungeon |   1295 |   1251 |     44 |      0 |   1078 |   2 |  647.5 |
               +--------+--------+--------+--------+--------+-----+--------+

Top non-repeatable levels by time:
     D:1: 1069 daAuts
     D:2: 226 daAuts
